 Dungeon Crawl Stone Soup version 0.23.0-3-gf3c87f2 (webtiles) character file.

Game seed: 9690324747024516986

2041 kurosse the Cleaver (level 9, -2/78 HPs)
             Began as a Minotaur Chaos Knight on Feb 21, 2019.
             Was a Plaything of Xom.
             Slain by a sky beast (4 damage)
             ... on level 8 of the Dungeon.
             The game lasted 01:07:16 (8315 turns).

kurosse the Cleaver (Minotaur Chaos Knight)         Turns: 8315, Time: 01:07:17

Health: -2/78      AC:  6    Str: 18    XL:     9   Next: 4%
Magic:  8/8        EV: 14    Int: 12    God:    Xom [.*....]
Gold:   1747       SH:  6    Dex: 12    Spells: 8/8 levels left

rFire    + . .     SeeInvis .   a - +1 hand axe (chaos)
rCold    x . .     Gourm    .   (no shield)
rNeg     . . .     Faith    .   w - +1 leather armour "Xup Fysmik" {MR+ Int+3}
rPois    .         Spirit   .   (helmet restricted)
rElec    .         Reflect  .   (no cloak)
rCorr    .         Harm     .   (no gloves)
MR       +....                  m - +0 pair of boots
Stlth    ++........             s - amulet of magic regeneration
HPRegen  0.23/turn              d - ring of fire
MPRegen  0.36/turn              (no ring)

@: no status effects
A: retaliatory headbutt, horns 2, large bone plates 2
a: Renounce Religion


You were on level 8 of the Dungeon.
You worshipped Xom.
You were a plaything of Xom.
You were not hungry.

You visited 1 branch of the dungeon, and saw 8 of its levels.

You collected 1747 gold pieces.

Inventory:

Hand Weapons
 a - a +1 hand axe of chaos (weapon)
Missiles
 g - 6 needles of confusion (quivered)
 i - 4 throwing nets
 p - 60 poisoned needles
 t - 7 tomahawks
Armour
 m - a +0 pair of boots (worn)
 w - the +1 leather armour "Xup Fysmik" (worn) {MR+ Int+3}
   (You found it on level 6 of the Dungeon)

   It affects your intelligence (+3).
   It affects your resistance to hostile enchantments.
Jewellery
 d - a ring of fire (left hand)
 s - an amulet of magic regeneration (around neck)
Wands
 l - a wand of digging (3)
 o - a wand of disintegration (28)
 q - a wand of polymorph (5)
 y - a wand of paralysis (7)
Scrolls
 j - 3 scrolls of teleportation
 k - 5 scrolls of remove curse
 u - 8 scrolls of identify
 v - a scroll of noise {unknown}
 x - a scroll of enchant weapon
Potions
 b - a potion of haste {unknown}
 e - 3 potions of heal wounds {unknown}
 f - 2 potions of curing
 h - 2 potions of degeneration {unknown}
 n - 2 potions of lignification {unknown}
 r - a potion of resistance {unknown}
Comestibles
 c - 4 rations
 z - a chunk of flesh


   Skills:
 + Level 6.6 Fighting
 + Level 9.3 Axes
 + Level 1.2 Throwing
 + Level 7.1 Armour
 + Level 4.9 Dodging
 + Level 3.0 Stealth


You had 8 spell levels left.
You didn't know any spells.
Your spell library contained the following spells:

 Spells                   Type           Power        Failure   Level  Hunger
 Freeze                   Ice            #...         36%         1    ##.....
 Sandblast                Erth           #.....       36%         1    ##.....
 Summon Small Mammal      Summ           #...         36%         1    ##.....
 Call Imp                 Summ           #.......     50%         2    ###....
 Passwall                 Tmut/Erth      #.......     50%         2    ###....
 Shroud of Golubria       Chrm/Tloc      #.........   50%         2    ###....
 Throw Frost              Conj/Ice       #.....       50%         2    ###....
 Call Canine Familiar     Summ           #.......     75%         3    ####...
 Ozocubu's Armour         Chrm/Ice       #.......     75%         3    ####...
 Stone Arrow              Conj/Erth      #.....       75%         3    ####...
 Summon Guardian Golem    Hex/Summ       #.......     75%         3    ####...
 Teleport Other           Tloc           #.......     75%         3    ####...
 Petrify                  Tmut/Erth      #.......     98%         4    #####..
 Summon Ice Beast         Ice/Summ       #.......     98%         4    #####..
 Summon Lightning Spire   Summ/Air       #.......     98%         4    #####..
 Throw Icicle             Conj/Ice       #.......     98%         4    #####..
 Blade Hands              Tmut           #.........   100%        5    ######.
 Lee's Rapid Deconstruct  Erth           #.........   100%        5    ######.


Dungeon Overview and Level Annotations

Branches:
Dungeon (8/15)             Temple (0/1) D:7
   Lair: D:8-11

Altars:
Ashenzari
Cheibriados
Makhleb
Nemelex Xobeh
Qazlal
Xom
Yredelemnul


Innate Abilities, Weirdness & Mutations

You reflexively headbutt those who attack you in melee.
You have a pair of horns on your head.
You are mostly covered in large bone plates. (SH +6)


Message History

Something hits you. Something shocks you.
You hit something. Something hits you. Something shocks you.
Your unstable footing causes you to fumble your attack.
Something hits you. Something shocks you.
* * * LOW HITPOINT WARNING * * *
You slash something! You freeze something. You headbutt something.
Something hits you but does no damage. You block something's attack.
You miss something. You block something's attack.
You closely miss something. Something hits you but does no damage.
You hit something but do no damage. Something hits you.
* * * LOW HITPOINT WARNING * * *
Something shocks you.
* * * LOW HITPOINT WARNING * * *
Something hits you.
* * * LOW HITPOINT WARNING * * *
Something shocks you.
* * * LOW HITPOINT WARNING * * *
Something hits you but does no damage.
You hit something. You freeze something. Something hits you.
You die...

#............##.....#
#######..............####
#................###....#
#................###.##.>
#.....................###
####.....######....(..###
###.[...## ###........
########....####......###
.......รท@.............#
# ########{#..#####.....#
#.......# .._...#
#.....[...%.).......#
##.###............... #.
......._.. # #Y....#....
....###.... ...... ...


There were no monsters in sight!

Vanquished Creatures
  A meliai (D:7)
  A spriggan (shapeshifter) (D:2)
  A wyvern (D:6)
  2 sky beasts (D:5)
  2 ogres
  2 centaurs
  A big kobold (D:7)
  3 bullfrogs
  2 scorpions
  3 wights (D:6)
  A hound (D:5)
  3 orc wizards
  A jelly (D:8)
  An orc priest (D:6)
  2 bullfrog skeletons
  An iguana (D:4)
  A worker ant (D:5)
  2 hound skeletons (D:5)
  A mummy (D:6)
  7 adders
  A shadow imp (D:6)
  4 worms
  3 dart slugs
  8 leopard geckos
  12 orcs
  4 bats
  4 giant cockroaches
  7 goblins
  8 hobgoblins
  7 jackals
  16 kobolds
  4 quokkas
  4 ball pythons
  3 frilled lizards
  A jackal skeleton (D:5)
  A leopard gecko skeleton (D:4)
  7 rats
132 creatures vanquished.

Notes
Turn   | Place    | Note
-------+----------+-------------------------------------------
     0 | D:1      | kurosse the Minotaur Chaos Knight began the quest for the
                  | Orb.
     0 | D:1      | Reached XP level 1. HP: 19/19 MP: 0/0
   129 | D:1      | XOM: harmless Erth miscast
   255 | D:1      | Reached XP level 2. HP: 27/27 MP: 1/1
   357 | D:1      | Reached skill level 4 in Axes
   501 | D:1      | XOM: harmless Tmut miscast
   646 | D:1      | Reached XP level 3. HP: 33/34 MP: 2/2
   894 | D:1      | XOM: harmless Pois miscast
  1107 | D:2      | Noticed a shapeshifter
  1107 | D:2      | a worm changed into a shapeshifter
  1107 | D:2      | Noticed a human
  1107 | D:2      | a shapeshifter changed into a human
  1112 | D:2      | Noticed a spriggan
  1112 | D:2      | a human changed into a spriggan
  1113 | D:2      | XOM: potion effect (haste)
  1117 | D:2      | Killed a spriggan
  1117 | D:2      | Reached skill level 5 in Fighting
  1117 | D:2      | Reached skill level 5 in Axes
  1117 | D:2      | Reached XP level 4. HP: 15/42 MP: 3/3
  1117 | D:2      | Reached XP level 5. HP: 17/48 MP: 4/4
  1539 | D:2      | XOM: smoke on damage
  1553 | D:2      | XOM: harmless Erth miscast
  1572 | D:2      | XOM: harmless Fire miscast
  1616 | D:2      | XOM: give mutation
  1616 | D:2      | Gained mutation: You are partially covered in large bone
                  | plates. (SH +4) [Xom's mischief]
  1698 | D:2      | Reached skill level 6 in Axes
  1891 | D:2      | Found a basalt altar of Yredelemnul.
  1891 | D:2      | Found a stormy altar of Qazlal.
  2292 | D:3      | XOM: mild Tloc miscast
  2451 | D:3      | Reached XP level 6. HP: 51/56 MP: 5/5
  2460 | D:3      | XOM: harmless Air miscast
  2528 | D:3      | XOM: mild Pois miscast
  2687 | D:3      | XOM is BORED!
  2687 | D:3      | XOM: give mutations
  2687 | D:3      | Gained mutation: You are frail. (-10% HP) [Xom's mischief]
  2687 | D:3      | Lost mutation: You are frail. (-10% HP) [Xom's mischief]
  2741 | D:3      | XOM: cloud trail
  2993 | D:4      | XOM: 3-stop teleportation journey
  3057 | D:4      | XOM: god gift: 1420 gold pieces
  3106 | D:4      | XOM: 3-stop teleportation journey
  3836 | D:4      | XOM: 6-stop teleportation journey
  4302 | D:5      | Entered Level 5 of the Dungeon
  4309 | D:5      | XOM: potion effect (berserk rage)
  4311 | D:5      | Reached XP level 7. HP: 61/61 MP: 6/6
  4469 | D:5      | XOM: 7-stop teleportation journey
  4668 | D:5      | Reached skill level 7 in Axes
  4668 | D:5      | Reached skill level 5 in Armour
  4668 | D:5      | Reached skill level 1 in Stealth
  4831 | D:5      | Identified Xom's Almanac of the Great Game (Xom gifted it
                  | to you on level 5 of the Dungeon)
  4831 | D:5      | XOM: god gift: Xom's Almanac of the Great Game
  4904 | D:5      | XOM: confuse monster(s)
  5042 | D:5      | Found a stormy altar of Qazlal.
  5045 | D:5      | XOM: confuse monster(s)
  5124 | D:5      | Found a burning altar of Makhleb.
  5190 | D:5      | Reached skill level 1 in Throwing
  5241 | D:5      | Reached XP level 8. HP: 67/70 MP: 7/7
  5574 | D:6      | XOM: god gift: scroll labeled ONGUMI COZ YRR {god gift}
  5576 | D:6      | XOM: 3-stop teleportation journey
  5801 | D:6      | XOM: swap monsters
  5844 | D:6      | Reached skill level 8 in Axes
  5850 | D:6      | Found a sparkling altar of Nemelex Xobeh.
  6389 | D:6      | XOM: 1-stop teleportation journey
  6394 | D:6      | Got a slimy leather armour
  6405 | D:6      | Identified the cursed +1 leather armour "Xup Fysmik" {MR+
                  | Int+3} (You found it on level 6 of the Dungeon)
  6406 | D:6      | XOM: mild Tmut miscast
  6607 | D:6      | Found a snail-covered altar of Cheibriados.
  6855 | D:7      | XOM: cloud trail
  7041 | D:7      | XOM: potion effect (curing)
  7043 | D:7      | XOM: potion effect (agility)
  7068 | D:7      | Found a staircase to the Ecumenical Temple.
  7188 | D:7      | Noticed a hippogriff
  7191 | D:7      | Noticed a meliai
  7191 | D:7      | a hippogriff changed into a meliai
  7195 | D:7      | Killed a meliai
  7195 | D:7      | Reached skill level 9 in Axes
  7328 | D:7      | XOM: silly message
  7423 | D:7      | XOM: mild Chrm miscast
  7472 | D:7      | XOM: give mutation
  7472 | D:7      | Gained mutation: You are mostly covered in large bone
                  | plates. (SH +6) [Xom's mischief]
  7476 | D:7      | Found a sparkling altar of Nemelex Xobeh.
  8202 | D:8      | Found a shattered altar of Ashenzari.
  8206 | D:8      | Reached XP level 9. HP: 78/78 MP: 8/8
  8218 | D:8      | XOM: 1-stop teleportation journey
  8283 | D:8      | Found a shimmering altar of Xom.
  8314 | D:8      | HP: 2/78 [something (6)]
  8315 | D:8      | Slain by a sky beast

Skill      XL: |  1  2  3  4  5  6  7  8  9 |
---------------+----------------------------+-----
Fighting       | 4 5 6 |  6.6
Axes           | 4 5 6 7 9 |  9.3
Armour         | 3 4 5 7 |  7.1
Dodging        | 2 3 4 |  4.9
Stealth        | 1 2 3 |  3.0
Throwing       | 1 |  1.2

Action                   |  1- 3 |  4- 6 |  7- 9 || total
-------------------------+-------+-------+-------++-------
Melee: Hand axe          |    75 |   160 |   189 ||   424
       Headbutt          |     8 |    22 |    34 ||    64
Throw: Tomahawk          |       |     1 |       ||     1
  Use: Scroll            |     3 |     2 |     6 ||    11
 Stab: Sleeping          |       |     1 |     2 ||     3
       Confused          |       |       |     3 ||     3
       Petrified         |       |       |     1 ||     1
       Paralysed         |       |       |     1 ||     1
  Eat: Ration            |     1 |     1 |     4 ||     6
       Chunk             |       |     3 |     1 ||     4
Armor: Leather armour    |    15 |       |    11 ||    26
       Ring mail         |     5 |    54 |    25 ||    84
Dodge: Dodged            |    44 |    71 |    90 ||   205
Block: Other             |       |    20 |    32 ||    52
